 Dungeon Crawl Stone Soup version 0.17-a0-1562-g9b2c768 (webtiles) character file.

36 Eldritch the Gusty (level 3, -1/26 HPs)
             Began as a Demigod Air Elementalist on July 20, 2015.
             Slain by an adder (5 damage)
             ... on level 2 of the Dungeon.
             The game lasted 00:08:08 (1881 turns).

Eldritch the Gusty (Demigod Air Elementalist)       Turns: 1881, Time: 00:08:08

Health: -1/26      AC:  2    Str: 11    XL:     3   Next: 5%
Magic:  1/8        EV: 12    Int: 21    God:
Gold:   110        SH:  0    Dex: 16    Spells: 3 memorised, 0 levels left

rFire  . . .     SeeInvis .     i - +0 short sword
rCold  . . .     Clarity  .     a - +0 robe
rNeg   . . .     SustAt   +     (no shield)
rPois  .         Gourm    .     (no helmet)
rElec  .         Spirit   .     (no cloak)
rCorr  .         Warding  .     (no gloves)
rMut   .         Stasis   .     (no boots)
MR     .....                    (no amulet)
Stlth  ++........               (no ring)
                                (no ring)

@: lethally poisoned (-1 -> -5), very slightly contaminated, hasted, very quick,
not resistant to hostile enchantments, unstealthy
A: high mp 1, sustain attributes
a: no special abilities


You were on level 2 of the Dungeon.
You were not hungry.

You visited 1 branch of the dungeon, and saw 2 of its levels.

You collected 110 gold pieces.

Inventory:

Hand weapons
 g - a +0 whip
 i - a +0 short sword (weapon)
Armour
 a - a +0 robe (worn)
Scrolls
 h - 2 scrolls of remove curse
 k - a scroll of immolation {unknown}
Potions
 e - a potion of mutation {unknown}
 j - 2 potions of haste
 l - 2 potions of ambrosia {unknown}
Books
 b - a book of Air

   Spells                             Type                      Level
   a - Shock                          Conjuration/Air              1
   b - Swiftness                      Charms/Air                   2
   c - Repel Missiles                 Charms/Air                   2
   d - Static Discharge               Conjuration/Air              3
   e - Lightning Bolt                 Conjuration/Air              5
Comestibles
 c - 2 bread rations
 f - 2 meat rations


   Skills:
 + Level 2.0 Dodging
 + Level 2.0 Stealth
 + Level 2.0 Spellcasting
 + Level 1.0 Conjurations
 + Level 3.4 Air Magic


You couldn't memorise any spells.
You knew the following spells:

 Your Spells              Type           Power        Failure   Level  Hunger
a - Shock                 Conj/Air       ##..         8%          1    #......
b - Swiftness             Chrm/Air       #.......     12%         2    ##.....
c - Static Discharge      Conj/Air       ##......     21%         3    ###....


Dungeon Overview and Level Annotations

Branches:
Dungeon (2/15)


Innate Abilities, Weirdness & Mutations

You have an increased reservoir of magic (+10% MP).
Your attributes are resistant to harm.


Message History

Casting: Shock
Confirm with . or Enter, or press ? or * to list all spells.
Aiming: Shock
Press: ? - help, Shift-Dir - straight line, f/p - adder
Aim: an adder (severely wounded)
The zap misses the adder.
You feel sick. The adder closely misses you. The adder bites you.
* * * LOW HITPOINT WARNING * * *
The adder barely misses you.
* * * LOW HITPOINT WARNING * * *
You feel sick.
Unknown command.
Drink which item? (? for menu, Esc to quit)
It was a potion of haste.
You feel yourself speed up. The adder closely misses you. The adder misses you.
The rat closely misses you.
Found a stone staircase leading down.
The rat barely misses you. The adder bites you.
You die...

##.#..## #.#.#
#.# #.#.# #>#
#.#.# #.# #.#.#
#.#
##.#.##########.#
#............##.#
#.##########.##.#
#.# #.##@## #.#
#.#S..##.# #.#
#...r....# #.#
###...#### #.#
##.## #.# #.# #.#
#.# #.# #.# ..#
#..


You could see an adder and a rat.

Vanquished Creatures
  An ooze (D:1)
  A worm (D:2)
  A ball python (D:1)
  2 giant cockroaches
  3 goblins (D:1)
  5 hobgoblins
  5 kobolds
  2 bats (D:1)
  3 giant newts
  4 rats
27 creatures vanquished.

Notes
Turn   | Place    | Note
--------------------------------------------------------------
     0 | D:1      | Eldritch the Demigod Air Elementalist began the quest for the Orb.
     0 | D:1      | Reached XP level 1. HP: 14/14 MP: 5/5
   211 | D:1      | Reached skill level 3 in Air Magic
   238 | D:1      | Reached XP level 2. HP: 20/20 MP: 0/7
   242 | D:1      | Learned a level 2 spell: Swiftness
   684 | D:1      | Reached skill level 1 in Conjurations
  1622 | D:2      | Reached XP level 3. HP: 26/26 MP: 1/8
  1787 | D:2      | Learned a level 3 spell: Static Discharge
  1881 | D:2      | Slain by an adder

Vault maps used:
D:1:      lemuel_arrival_hallway, minivault_25
D:2:      first_bread

Action                   || total
-------------------------++-------
Melee: Short sword       ||    11
 Cast: Shock             ||    91
       Swiftness         ||     4
       Static Discharge  ||     1
  Use: Scroll            ||     2
       Potion            ||     2
  Eat: Bread ration      ||     1
